 Dungeon Crawl Stone Soup version 0.18-a0-1628-g61c6396 (webtiles) character file.

18 Geeful the Insei (level 2, -9/18 HPs)
             Began as an Octopode Transmuter on Mar 25, 2016.
             Mangled by a gnoll
             ... wielding a +0 club
              (10 damage)
             ... on level 1 of the Dungeon.
             The game lasted 00:02:39 (1172 turns).

Geeful the Insei (Octopode Transmuter)              Turns: 1172, Time: 00:02:40

Health: -9/18      AC:  1    Str:  9    XL:     2   Next: 66%
Magic:  5/5        EV: 12    Int: 23    God:
Gold:   32         SH:  0    Dex: 12    Spells: 1 memorised, 4 levels left

rFire  . . .     SeeInvis .     h - -1 hunting sling (curse)
rCold  . . .     Gourm    .     (no shield)
rNeg   . . .     Faith    .     (helmet restricted)
rPois  .         Spirit   .     (no amulet)
rElec  .         Dismiss  .     n - +3 ring of intelligence
rCorr  .         Reflect  .     (no ring)
SustAt .         Harm     .     (no ring)
MR     .....                    (no ring)
Stlth  ++........               (no ring)
                                (no ring)
                                (no ring)
                                (no ring)

@: brilliant, not resistant to hostile enchantments, unstealthy
A: almost no armour, amphibious, 8 rings, constrict 8, camouflage 1, gelatinous
body 1
a: no special abilities


You were on level 1 of the Dungeon.
You were not hungry.

You visited 1 branch of the dungeon, and saw 1 of its levels.

You collected 32 gold pieces.

Inventory:

Hand Weapons
 h - a cursed -1 hunting sling (weapon)
Missiles
 a - 26 arrows
 d - 16 poisoned needles
 p - 8 stones (quivered)
Jewellery
 n - a +3 ring of intelligence (left tentacle)
Scrolls
 m - a scroll of teleportation
Potions
 e - a potion of curing
 j - a potion of resistance {unknown}
Books
 b - a book of Changes

   Spells                             Type                      Level
   a - Beastly Appendage              Transmutation                1
   b - Sticks to Snakes               Transmutation                2
   c - Spider Form                    Transmutation/Poison         3
   d - Ice Form                       Ice/Transmutation            4
   e - Blade Hands                    Transmutation                5
Comestibles
 c - a bread ration
 k - a beef jerky
 o - 2 fruits


   Skills:
 - Level 1.0 Fighting
 - Level 2.0 Dodging
 + Level 3.3 Unarmed Combat
 + Level 2.1 Spellcasting
 + Level 2.6 Transmutations


You had 4 spell levels left.
You knew the following spells:

 Your Spells              Type           Power        Failure   Level  Hunger
a - Beastly Appendage     Trmt           ####..       1%          1    None


Dungeon Overview and Level Annotations

Branches:
Dungeon (1/15)

Altars:


Innate Abilities, Weirdness & Mutations

You cannot wear most types of armour.
You are amphibious.
You can wear up to eight rings at the same time.
You can use your tentacles to constrict eight enemies at once.
Your skin changes colour to match your surroundings (Stealth).
Your rubbery body absorbs attacks (AC +1).


Message History

You closely miss the gnoll.
The gnoll is almost dead.
You feel less woody. The gnoll hits you but does no damage.
Really attack while wielding your cursed -1 hunting sling? [Y]es or [N]o only, please.
Really attack while wielding your cursed -1 hunting sling?
Okay, then.
Firing (i - inventory):
p - 10 stones (quivered)
Press: ? - help, Shift-Dir - straight line, f/p - gnoll
Aim: a gnoll, wielding a club (almost dead)
You shoot a stone. The stone barely misses the gnoll.
The gnoll hits you but does no damage.
Firing (i - inventory):
p - 9 stones (quivered)
Press: ? - help, Shift-Dir - straight line, f/p - gnoll
Aim: a gnoll, wielding a club (almost dead)
You shoot a stone. The stone barely misses the gnoll.
The gnoll hits you with a club!
Ouch! That really hurt!
You die...

#..#.#####.#.###
#..#.......#....
#..#############
#......#######.#
##.............#
####...........
#.##########
#############.####
#
(....(g@.........#
#
#############.##.#
#.##.#######
#.##.)......
#.########## #.#
#. #.# #. #.# #.
#.# #.


You could see a gnoll.

Vanquished Creatures
  A dart slug (D:1)
  A giant gecko (D:1)
  2 hobgoblins (D:1)
  4 kobolds (D:1)
  A ball python (D:1)
  3 bats (D:1)
  2 giant newts (D:1)
  A rat (D:1)
15 creatures vanquished.

Notes
Turn   | Place    | Note
--------------------------------------------------------------
     0 | D:1      | Geeful the Octopode Transmuter began the quest for the Orb.
     0 | D:1      | Reached XP level 1. HP: 13/13 MP: 3/3
   500 | D:1      | Reached XP level 2. HP: 16/18 MP: 3/5
  1162 | D:1      | HP: 1/27 [gnoll/club (4)]
  1172 | D:1      | Mangled by a gnoll

Vault maps used:
D:1:      saegor_arrival_miasma, patterned_corridor

Action                   || total
-------------------------++-------
Melee: Unarmed           ||    32
       Hunting sling     ||    19
 Fire: Hunting sling     ||    15
 Cast: Beastly Appendage ||     4
  Use: Scroll            ||     4
       Potion            ||     2
 Stab: Sleeping          ||     4
  Eat: Chunk             ||     1
